 Dungeon Crawl Stone Soup version 0.23.2-33-g5129a83184 (webtiles) character file.

Game seed: 11693689454091556283

60 ANON1729 the Skirmisher (level 3, 0/30 HPs)
             Began as a Demonspawn Monk on Aug 11, 2019.
             Slain by a goblin
             ... wielding a +0 dagger
             ... led by Robin
              (2 damage)
             ... on level 2 of the Dungeon.
             The game lasted 00:01:46 (1337 turns).

ANON1729 the Skirmisher (Demonspawn Monk)           Turns: 1337, Time: 00:01:47

Health: 0/30       AC:  2    Str: 11    XL:     3   Next: 80%
Magic:  0/3        EV: 13    Int: 12    God:
Gold:   71         SH:  0    Dex: 15    Spells: 2/2 levels left

rFire    . . .     SeeInvis .   a - +0 spear
rCold    . . .     Gourm    .   (no shield)
rNeg     . . .     Faith    .   b - +0 robe
rPois    .         Spirit   +   (no helmet)
rElec    .         Reflect  .   (no cloak)
rCorr    .         Harm     .   (no gloves)
MR       .....                  (no boots)
Stlth    ++........             (no amulet)
HPRegen  0.10/turn              (no ring)
MPRegen  0.08/turn              (no ring)

@: no status effects
A: magic shield
a: no special abilities


You were on level 2 of the Dungeon.
You were not hungry.

You visited 1 branch of the dungeon, and saw 2 of its levels.

You collected 71 gold pieces.

Inventory:

Hand Weapons
 a - a +0 spear (weapon)
Armour
 b - a +0 robe (worn)
Jewellery
 d - an uncursed amulet of the gourmand {unknown}
Scrolls
 e - a scroll of identify {unknown}
 g - a scroll of amnesia {unknown}
 h - a scroll of enchant armour {unknown}
 i - 2 scrolls of magic mapping {unknown}
 j - a scroll of blinking {unknown}
 k - a scroll of teleportation {unknown}
Potions
 l - a potion of brilliance {unknown}
Comestibles
 c - 3 rations


   Skills:
 * Level 3.8 Fighting
 - Level 3.0 Polearms
 + Level 3.1 Dodging
 + Level 2.4 Stealth


You had 2 spell levels left.
You didn't know any spells.
Your spell library was empty.

Dungeon Overview and Level Annotations

Branches:
Dungeon (2/15)

Altars:
Ashenzari
Uskayaw

Annotations:
D:2 Robin


Innate Abilities, Weirdness & Mutations

When hurt, damage is shared between your health and your magic reserves.


Message History

Things that are here:
a +0 club; a goblin corpse Robin roars a battlecry!
The goblins go into a battle-frenzy!
Robin throws the goblin at you!
* * * LOW HITPOINT WARNING * * *
The goblin closely misses you.
Robin says, "Kneel, worm!"
Robin closely misses you.
Robin roars a battlecry!
You hear a shout!
You hear a shout!
Robin throws the goblin at you! The goblin hits you but does no damage.
Robin throws the goblin at you!
* * * LOW HITPOINT WARNING * * *
The goblin hits you with a +0 dagger.
* * * LOW HITPOINT WARNING * * *
The goblin hits you with a +0 dagger.
You die...

#.######### #.########
#.........# #....##...
#########.# ####.##.##
#.# #.##.#. #.# #....#.
#.# #.#..## #.# #.##...
#######.### #.##...
#.....@g..# #.##...
#.#####g#># #.##..#
#.#.#### #.#...#
.#####......# #......
.....†..g....# ###...#
#.######gg#..# ####.##
#.######..#..####......
..........#.....#.##.##
#......g..##.##.#.##.#


You could see Robin, a hobgoblin and 3 goblins.

Vanquished Creatures
  3 adders (D:2)
  A dart slug (D:2)
  A leopard gecko (D:2)
  A ball python (D:1)
  4 giant cockroaches (D:1)
  7 goblins
  2 hobgoblins (D:1)
  2 bats
  5 frilled lizards
  A kobold (D:2)
  4 rats (D:1)
31 creatures vanquished.

Notes
Turn   | Place    | Note
-------+----------+-------------------------------------------
     0 | D:1      | ANON1729 the Demonspawn Monk began the quest for the Orb.
     0 | D:1      | Reached XP level 1. HP: 18/18 MP: 1/1
   137 | D:1      | Gained mutation: When hurt, damage is shared between your
                  | health and your magic reserves. [demonic ancestry]
   137 | D:1      | Reached XP level 2. HP: 24/24 MP: 2/2
   799 | D:2      | Found a shattered altar of Ashenzari.
   822 | D:2      | Reached XP level 3. HP: 28/29 MP: 3/3
   862 | D:2      | Found a hide-covered altar of Uskayaw.
   862 | D:2      | Noticed a +0 hand axe
   862 | D:2      | Noticed a +0 hand axe
  1291 | D:2      | Noticed Robin
  1337 | D:2      | Slain by a goblin

Skill      XL: |  1  2 |
---------------+-------+-----
Stealth        | 2 |  2.4
Polearms       | 3 |  3.0
Dodging        | 3 |  3.1
Fighting       | |  3.8

Action                   || total
-------------------------++-------
Melee: Spear             ||   101
  Use: Potion            ||     1
 Stab: Sleeping          ||     9
  Eat: Chunk             ||     1
Armor: Robe              ||    13
Dodge: Dodged            ||    47
